 Dungeon Crawl Stone Soup version 0.16.1-12-gf5c4a84 (webtiles) character file.

234 faffalel the Ducker (level 5, -22/49 HPs)
             Began as a Deep Dwarf Berserker on Apr 8, 2015.
             Was a Priest of Trog.
             Annihilated by a goliath beetle (23 damage)
             ... on level 4 of the Dungeon.
             The game lasted 00:15:41 (3191 turns).

faffalel the Ducker (Deep Dwarf Berserker)          Turns: 3191, Time: 00:15:41

Health: -22/49     AC:  7    Str: 20    XL:     5   Next: 75%
Magic:  5/5        EV: 14    Int:  8    God:    Trog [***...]
Gold:   258        SH:  0    Dex: 13    Spells: 0 memorised, 4 levels left

rFire  . . .     SeeInvis .     a - +1 hand axe
rCold  . . .     Clarity  .     b - +0 animal skin
rNeg   . . .     SustAb   .     (no shield)
rPois  .         Gourm    .     r - +0 helmet
rElec  .         Spirit   .     j - +0 cloak
rCorr  .         Warding  .     q - +0 pair of gloves
rMut   .         Stasis   .     (no boots)
MR     .....                    (no amulet)
Stlth  ++........               (no ring)
                                m - +2 ring of protection

@: non-regenerating, not resistant to hostile enchantments, unstealthy
A: damage resistance, recharge devices, sense surroundings 1, slow healing 3
a: Device Recharging, Burn Spellbooks, Berserk, Trog's Hand, Renounce Religion


You were on level 4 of the Dungeon.
You worshipped Trog.
Trog was most pleased with you.
You were not hungry.

You visited 1 branch of the dungeon, and saw 4 of its levels.

You collected 258 gold pieces.

Inventory:

Hand weapons
 a - a +1 hand axe (weapon)
 h - a +0 hand axe
Missiles
 l - 13 poisoned bolts
 p - 10 bolts of frost
 t - 20 bolts
Armour
 b - a +0 animal skin (worn)
 j - a +0 cloak (worn)
 q - a +0 pair of gloves (worn)
 r - a +0 helmet (worn)
Jewellery
 i - a +3 ring of evasion {unknown}
 m - a +2 ring of protection (left hand)
Magical devices
 c - a wand of heal wounds (7)
Scrolls
 e - a scroll of random uselessness {unknown}
 g - 3 scrolls of identify
 n - 4 scrolls of remove curse
Potions
 f - a potion of curing
 s - a potion of might
Comestibles
 d - 2 bread rations
 k - a slice of pizza
 o - a royal jelly


   Skills:
 + Level 3.6 Fighting
 + Level 4.3 Axes
 + Level 2.4 Armour
 + Level 4.9 Dodging
 + Level 1.3 Stealth


You had 4 spell levels left.
You didn't know any spells.

Dungeon Overview and Level Annotations

Branches:
Dungeon (4/15)
 Temple: D:4-7

Altars:
Elyvilon
Gozag
Okawaru
Zin


Innate Abilities, Weirdness & Mutations

You are resistant to damage.
You can recharge devices by infusing magical energy.
You passively map a small area around you.
You do not heal naturally.


Message History

You barely miss the goliath beetle.
The goliath beetle is lightly wounded.
You hit the goliath beetle.
The goliath beetle is lightly wounded.
The goliath beetle closely misses you.
You hit the goliath beetle but do no damage.
The goliath beetle is lightly wounded.
You hit the goliath beetle but do no damage.
The goliath beetle is lightly wounded.
The goliath beetle bites you.
* * * LOW HITPOINT WARNING * * *
You hit the goliath beetle but do no damage.
The goliath beetle is lightly wounded.
You hit the goliath beetle.
The goliath beetle is lightly wounded.
The goliath beetle barely misses you.
You hit the goliath beetle.
The goliath beetle is moderately wounded.
The goliath beetle bites you!!
You die...

#################
#.......@B.......
*
#........#....$..
#........# .....
#######..(...##
..##
##....##......# ,
.#
#.....##..##### #
** * #.....#...#
, #.....'...# ,
#####'##..# *


You could see a goliath beetle.

Vanquished Creatures
  An ogre (D:4)
  Robin (D:2)
  6 adders
  3 worms
  A giant mite (D:3)
  A giant gecko (D:3)
  An ooze (D:2)
  4 orcs (D:3)
  A ball python (D:3)
  A giant cockroach (D:3)
  18 goblins
  3 hobgoblins
  9 jackals
  3 quokkas
  5 bats
  2 giant newts
  10 kobolds
  10 rats
80 creatures vanquished.

Notes
Turn   | Place    | Note
--------------------------------------------------------------
     0 | D:1      | faffalel, the Deep Dwarf Berserker, began the quest for the Orb.
     0 | D:1      | Reached XP level 1. HP: 20/20 MP: 1/1
   312 | D:1      | Reached XP level 2. HP: 21/27 MP: 2/2
  1107 | D:2      | Reached XP level 3. HP: 25/34 MP: 3/3
  1328 | D:2      | Found an iron altar of Okawaru.
  1476 | D:2      | Acquired Trog's second power
  1893 | D:2      | Noticed Robin
  1906 | D:2      | Killed Robin
  1906 | D:2      | Reached XP level 4. HP: 29/42 MP: 4/4
  2191 | D:3      | Found a white marble altar of Elyvilon.
  2209 | D:3      | Reached skill level 1 in Stealth
  2338 | D:3      | Found an opulent altar of Gozag.
  2352 | D:3      | Reached skill level 4 in Axes
  2409 | D:3      | Found a glowing silver altar of Zin.
  2670 | D:3      | Reached XP level 5. HP: 33/49 MP: 5/5
  3077 | D:4      | Noticed an ogre
  3091 | D:4      | Killed an ogre
  3188 | D:4      | HP: 1/49 [goliath beetle (3)]
  3191 | D:4      | Annihilated by a goliath beetle

Action                   |  1- 3 |  4- 6 || total
-------------------------+-------+-------++-------
Melee: Hand axe          |   135 |   143 ||   278
Invok: Berserk           |     1 |     1 ||     2
       Trog's Hand       |       |     3 ||     3
Evoke: Wand              |     1 |     1 ||     2
  Use: Potion            |     2 |     3 ||     5
       Scroll            |     5 |     1 ||     6
  Eat: Bread ration      |     1 |       ||     1
       Fruit             |       |     5 ||     5
       Meat ration       |       |     1 ||     1
